 Dungeon Sprint DCSS version 0.27-a0-1512-g99fd57bada (webtiles) character file.

Game seed: 14992437454484747670

8120 Conn the Arsonist (level 11, -6/66 HPs)
             Began as an Octopode Fire Elementalist on July 9, 2021.
             Was a High Priest of Sif Muna.
             Shot with an arrow by a centaur warrior (23 damage)
             ... in the Dungeon (Sprint II: "The Violet Keep of Menkaure").
             The game lasted 00:22:46 (2129 turns).

Conn the Arsonist (Octopode Fire Elementalist)      Turns: 2129, Time: 00:22:47

Health: -6/66      AC:  1    Str:  9    XL:     11   Next: 25%
Magic:  23/36      EV: 15    Int: 20    God:    Sif Muna [*****.]
Gold:   671        SH:  0    Dex: 12    Spells: 6/34 levels left

rFire    + . .     SeeInvis .   (no weapon)
rCold    x . .     Faith    .   (no shield)
rNeg     . . .     Spirit   .   (helmet restricted)
rPois    .         Reflect  .   (no amulet)
rElec    .         Harm     .   b - ring of magical power
rCorr    .         Rampage  .   e - ring of fire
Will     .....     NoTele   +   (no ring)
Stlth    ++++++....             (no ring)
HPRegen  0.21/turn              (no ring)
MPRegen  0.25/turn              (no ring)
                                (no ring)
                                (no ring)

@: invisible
A: almost no armour, amphibious, 8 rings, camouflage 1, gelatinous body 1,
nimble swimmer 1, tentacles
a: Renounce Religion, Channel Magic, Forget Spell, Divine Exegesis


You were in the Dungeon.
You worshipped Sif Muna.
Sif Muna was extremely pleased with you.
You visited 1 branch You collected 1507 gold pieces.
You spent 836 gold pieces at shops.

Inventory:

Missiles
 v - 32 poisoned darts (quivered)
Jewellery
 b - a ring of magical power (left tentacle)
 e - a ring of fire (right tentacle)
Scrolls
 f - a scroll of blinking
 h - a scroll of fear
 l - a scroll of immolation {unknown}
 m - a scroll of holy word {unknown}
 n - 4 scrolls of identify {unknown}
 s - a scroll of fog {unknown}
 t - a scroll of amnesia {unknown}
 u - a scroll of brand weapon {unknown}
Potions
 a - 2 potions of curing
 c - 3 potions of haste
 d - 4 potions of magic
 i - 2 potions of heal wounds
 j - a potion of mutation {unknown}
 k - a potion of might {unknown}
 o - a potion of degeneration {unknown}
 p - 3 potions of flight {unknown}
 q - 3 potions of resistance {unknown}
 r - a potion of ambrosia {unknown}


   Skills:
 + Level 2.7 Fighting
 + Level 0.5 Throwing
 + Level 5.9 Dodging
 + Level 9.8 Stealth
 + Level 12.0 Spellcasting
 * Level 11.7 Conjurations
 + Level 1.6 Translocations
 + Level 14.8 Fire Magic
 * Level 5.7 Ice Magic
 * Level 5.5 Air Magic
 - Level 5.0 Poison Magic
 * Level 6.3 Invocations


You had 6 spell levels left.
You knew the following spells:

 Your Spells              Type           Power      Damage    Failure   Level
a - Foxfire               Conj/Fire      100%       2x1d9     1%          1
b - Conjure Flame         Conj/Fire      78%        6-21      1%          3
c - Inner Flame           Hex/Fire       58%        N/A       1%          3
d - Sticky Flame          Conj/Fire      78%        2d9       1%          4
e - Fireball              Conj/Fire      39%        3d16      1%          5
f - Mephitic Cloud        Conj/Pois/Air  41%        N/A       1%          3
g - Freezing Cloud        Conj/Ice/Air   21%        6-21      7%          5
h - Iskenderun's Mystic   Conj/Tloc      38%        2d9       3%          4

Your spell library contained the following spells:

 Spells                   Type           Power      Damage    Failure   Level
 Poisonous Vapours        Pois/Air       66%        N/A       1%          2
 Fulminant Prism          Conj/Hex       17%        3d11      4%          4
 Lee's Rapid Deconstruct  Erth           6%         3d7*      83%         5


Dungeon Overview and Level Annotations

Branches:
Dungeon (1/1)

Altars:
Cheibriados
Dithmenos
Elyvilon
Fedhas
Gozag
Hepliaklqana
Kikubaaqudgha
Makhleb
Nemelex Xobeh
Okawaru
Qazlal
Ru
Sif Muna
Trog
Uskayaw
Vehumet
Wu Jian
Xom
Yredelemnul
Zin
The Shining One
Beogh
Jiyva
Lugonu

Shops:
D !*:*:?[=([*!!!=

Annotations:
D exclusion: oklob plant


Innate Abilities, Weirdness & Mutations

You cannot wear most types of armour.
You are amphibious.
You can wear up to eight rings at the same time.
Your skin changes colour to match your surroundings (Stealth+).
Your rubbery body absorbs attacks. (AC +1, EV +1)
You are camouflaged near water. (Stealth+)
You have tentacles for arms and can constrict up to eight enemies at once.


Message History

You feel a surge of power!
You conjure some foxfire!
The foxfire hits the yaktaur captain.
The yaktaur captain is almost dead.
The foxfire hits the yaktaur captain.
You kill the yaktaur captain!
Sif Muna accepts your kill.
Sif Muna will now gift you books as you gain piety.
Your Spellcasting skill increases to level 12!
There is an open door here.
Things that are here:
a +0 arbalest; 15 bolts You start resting.
A centaur warrior comes into view.
You close the door, pushing everything out of the way.
You open the door.
You are engulfed in freezing vapours.
Ouch! That really hurt!
There is an open door here.
Unknown command.
Which direction?
You close the gate.
You start resting.
The ice statue glitters chillingly in the dim dungeon light. x4
A centaur warrior is nearby!
You now have 671 gold pieces (gained 81).
Things that are here:
a +0 dagger; a +0 robe You start resting.
A centaur warrior is nearby!
The centaur warrior shouts!
The centaur warrior wields a +0 shortbow.
The centaur warrior shoots an arrow.
The arrow hits you!!
* * * LOW HITPOINT WARNING * * *
Things that are here:
a +0 dagger; a +0 robe Really swim into a travel-excluded area?
Okay, then.
You fade into invisibility!
The centaur warrior shoots an arrow.
The arrow hits you!!
You die...

.l∩.#≈≈####...####..## #..##.#▓.
.∩.∩#≈##.###+###.##..# +..#..#▓.
..∩.#≈#.####c##...#..# #..#..#▓.
...∩'l'##†'.<)'.#5'..####..##.#▓.
....#≈#...##.##...#..c.###.^.##▓▓
▓▓###≈##.###+###.##..§§..≈≈≈≈≈≈≈≈
#####≈≈####.#.####≈≈.....≈#'#####
Y. ##≈≈≈#.###)#≈≈§§≈§§§.≈#_._...
Y.#+ #'#≈##.#.##@§≈≈§≈≈≈.≈#._._..
[##. #(#≈≈##'##≈≈≈§§§§≈≈≈≈#_._._.
##.. ####≈≈≈≈≈≈≈≈≈≈≈≈§§≈§≈#._._._
#○°. #+++#+++#≈§§§§≈§≈≈#_._._.
#°≈○°≈≈ ##≈≈§###≈≈#._._._
#°≈°○≈≈≈○≈##≈§# #≈≈#.._._.
+≈≈°≈°8°○°≈≈+≈≈# #≈≈#._._._
##≈°≈≈○≈≈○≈##≈≈§≈≈≈≈#######
##≈≈○≈≈°≈## ######≈≈≈≈≈§


You could see a centaur warrior.

Vanquished Creatures
  A kraken (D)
  Kirke (D)
  A yaktaur captain (D)
  A skeletal warrior (D)
  2 deep trolls (D)
  An elephant (D)
  A merfolk siren (D)
  A kobold demonologist (D)
  A yaktaur (D)
  3 polar bears (D)
  A hornet (D)
  A blink frog (D)
  4 wyverns (D)
  Menkaure (D)
  4 neqoxecs (D)
  4 water moccasins (D)
  2 lava snakes (D)
  3 worms (D)
  A tentacle (D)
34 creatures vanquished.

Vanquished Creatures (others)
  70 foxfires (D)
  11 tentacles (D)
81 creatures vanquished.

Grand Total: 115 creatures vanquished

Notes
Turn   | Place    | Note
-------+----------+-------------------------------------------
     0 | D        | Conn the Octopode Fire Elementalist began the quest for the
                  | Orb.
     0 | D        | Reached XP level 1. HP: 11/11 MP: 3/3
     5 | D        | Noticed a neqoxec
     5 | D        | Noticed a neqoxec
     5 | D        | Noticed a neqoxec
     5 | D        | Noticed a neqoxec
     9 | D        | Noticed a wyvern
     9 | D        | Noticed a wyvern
    13 | D        | Noticed a merfolk siren
    70 | D        | Found Qeech's Distillery.
    70 | D        | Found Dygodd's Distillery.
    70 | D        | Found Qegibla's General Store.
    70 | D        | Found Mocaadoc's Distillery.
    70 | D        | Found Vaph's Antique Armour Shoppe.
    71 | D        | Found Vonwuc's Antique Weapon Shoppe.
    71 | D        | Found Ryumoipp's Jewellery Emporium.
    72 | D        | Found Noavvips's Antique Armour Shoppe.
    72 | D        | Found Tesun's Magic Scroll Emporium.
    72 | D        | Noticed a black bear
    73 | D        | Found Bofa's Jewellery Emporium.
    83 | D        | Reached skill level 4 in Fire Magic
    83 | D        | Reached XP level 2. HP: 2/17 MP: 1/5
   152 | D        | Noticed a black bear
   153 | D        | Noticed a death yak
   153 | D        | Found Ompo Ankiru's Book Shoppe.
   153 | D        | Found Ajuafo's General Store.
   153 | D        | Noticed Menkaure
   153 | D        | Noticed a black bear
   153 | D        | Noticed an oklob plant
   154 | D        | Found Kytana's General Store.
   154 | D        | Found Joumisi's Distillery.
   154 | D        | Found Jiesk's Book Shoppe.
   157 | D        | Bought a potion of invisibility for 88 gold pieces
   165 | D        | Noticed a yak
   165 | D        | Noticed a yak
   166 | D        | Noticed a yak
   169 | D        | Bought a potion of lignification for 39 gold pieces
   185 | D        | Killed Menkaure
   186 | D        | Reached skill level 5 in Stealth
   186 | D        | Reached skill level 7 in Fire Magic
   186 | D        | Reached XP level 3. HP: 22/22 MP: 2/9
   186 | D        | Reached XP level 4. HP: 27/27 MP: 2/10
   186 | D        | Reached XP level 5. HP: 32/32 MP: 2/12
   329 | D        | Noticed a blink frog
   340 | D        | Killed a blink frog
   341 | D        | Reached skill level 9 in Fire Magic
   341 | D        | Reached XP level 6. HP: 37/37 MP: 8/15
   370 | D        | Noticed a water moccasin
   374 | D        | Killed a water moccasin
   375 | D        | Reached skill level 10 in Fire Magic
   440 | D        | Noticed an ice statue
   466 | D        | Learned a level 3 spell: Conjure Flame
   470 | D        | Learned a level 3 spell: Inner Flame
   475 | D        | Learned a level 4 spell: Sticky Flame
   481 | D        | Learned a level 5 spell: Fireball
   493 | D        | Killed a wyvern
   494 | D        | Reached skill level 1 in Fighting
   494 | D        | Reached XP level 7. HP: 43/43 MP: 9/17
   501 | D        | Killed a wyvern
   502 | D        | Reached skill level 11 in Fire Magic
   606 | D        | Killed a merfolk siren
   607 | D        | Reached skill level 5 in Dodging
   607 | D        | Reached skill level 5 in Conjurations
   607 | D        | Reached skill level 12 in Fire Magic
   607 | D        | Reached XP level 8. HP: 48/48 MP: 15/20
   810 | D        | Bought a ring of magical power for 200 gold pieces
   812 | D        | Bought a ring of fire for 250 gold pieces
   818 | D        | Bought a potion of invisibility for 104 gold pieces
   820 | D        | Bought a scroll of fear for 45 gold pieces
   824 | D        | Bought 2 potions of heal wounds for 110 gold pieces
   850 | D        | Found an iron altar of Okawaru.
   850 | D        | Found a radiant altar of Vehumet.
   850 | D        | Found a glowing silver altar of Zin.
   851 | D        | Found a sparkling altar of Nemelex Xobeh.
   851 | D        | Found a hide-covered altar of Uskayaw.
   851 | D        | Found a basalt altar of Yredelemnul.
   852 | D        | Found an opulent altar of Gozag.
   852 | D        | Found a burning altar of Makhleb.
   852 | D        | Found a bloodstained altar of Trog.
   853 | D        | Found a blossoming altar of Fedhas.
   853 | D        | Found a corrupted altar of Lugonu.
   853 | D        | Found a shimmering blue altar of Sif Muna.
   854 | D        | Found a white marble altar of Elyvilon.
   854 | D        | Found an ancient bone altar of Kikubaaqudgha.
   855 | D        | Found a shadowy altar of Dithmenos.
   855 | D        | Found a viscous altar of Jiyva.
   856 | D        | Found a snail-covered altar of Cheibriados.
   858 | D        | Found a shimmering altar of Xom.
   858 | D        | Found a sacrificial altar of Ru.
   858 | D        | Found a hazy altar of Hepliaklqana.
   858 | D        | Noticed a hornet
   858 | D        | Noticed a polar bear
   859 | D        | Found a glowing golden altar of the Shining One.
   859 | D        | Found an ornate altar of the Wu Jian Council.
   859 | D        | Found a stormy altar of Qazlal.
   859 | D        | Noticed a yaktaur
   859 | D        | Noticed a polar bear
   860 | D        | Noticed a polar bear
   865 | D        | Killed a polar bear
   866 | D        | Reached skill level 13 in Fire Magic
   866 | D        | Reached XP level 9. HP: 53/53 MP: 20/22
   867 | D        | Became a worshipper of Sif Muna the Loreminder
   868 | D        | Killed a hornet
   871 | D        | Killed a yaktaur
   872 | D        | Reached skill level 10 in Spellcasting
  1008 | D        | Killed a polar bear
  1008 | D        | Reached * piety under Sif Muna
  1010 | D        | Killed a polar bear
  1011 | D        | Reached skill level 14 in Fire Magic
  1027 | D        | Noticed a kraken
  1053 | D        | Learned a level 3 spell: Mephitic Cloud
  1059 | D        | Learned a level 5 spell: Freezing Cloud
  1064 | D        | Found the +8 mithril axe "Arga" {speed, Will+}
  1070 | D        | Learned a level 4 spell: Iskenderun's Mystic Blast
  1303 | D        | Killed a kraken
  1304 | D        | Reached XP level 10. HP: 23/60 MP: 7/25
  1499 | D        | Reached ** piety under Sif Muna
  1513 | D        | Noticed a deep troll
  1513 | D        | Noticed a deep troll
  1521 | D        | Killed a deep troll
  1522 | D        | Reached skill level 10 in Conjurations
  1701 | D        | Killed a deep troll
  1701 | D        | Reached *** piety under Sif Muna
  1790 | D        | Noticed a yaktaur captain
  1822 | D        | Noticed Kirke
  1825 | D        | Killed Kirke
  1826 | D        | Reached skill level 5 in Poison Magic
  1826 | D        | Reached skill level 5 in Invocations
  1905 | D        | Noticed a skeletal warrior
  1906 | D        | Reached **** piety under Sif Muna
  1936 | D        | Killed a skeletal warrior
  1937 | D        | Reached skill level 1 in Translocations
  1937 | D        | Reached skill level 5 in Ice Magic
  1937 | D        | Reached XP level 11. HP: 38/65 MP: 0/26
  1978 | D        | Reached skill level 5 in Air Magic
  2036 | D        | Killed a yaktaur captain
  2036 | D        | Reached ***** piety under Sif Muna
  2060 | D        | Noticed a centaur warrior
  2129 | D        | Shot with an arrow by a centaur warrior

Illustrated notes

Levels and vault maps discovered:
D:        the_violet_keep_of_menkaure [sprint2_stairs_cluster_1,
          sprint2_shoproom, sprint2_temple, sprint2_basic_supplies,
          sprint2_obstacle_2, sprint2_obstacle_6, sprint2_obstacle_5,
          sprint2_obstacle_3, sprint2_obstacle_4, sprint2_timed_cluster_1,
          sprint2_smallroom_cluster_1, sprint2_smallroom_final_cluster_1,
          sprint2_transparent_cluster_1, sprint2_second_timed_cluster_1,
          sprint2_sniper_area_1, sprint2_heavy_combat_area_1,
          sprint2_mutation_trap_area_1, sprint2_forest_area_1,
          sprint2_light_combat_area_1, sprint2_behind_water_1,
          sprint2_near_end_vault_1]

Skill      XL: |  1  2  3  4  5  6  7  8  9 10 11 |
---------------+----------------------------------+-----
Stealth        | 3 5 6 7 8 9 |  9.8
Fire Magic     | 4 7 9 10 12 13 14 | 14.8
Dodging        | 3 4 5 |  5.9
Spellcasting   | 4 6 7 8 9 11 12 | 12.0
Conjurations   | 2 3 4 5 7 9 11 | 11.7
Fighting       | 1 2 |  2.7
Ice Magic      | 3 5 |  5.7
Air Magic      | 2 4 5 |  5.5
Poison Magic   | 3 5 |  5.0
Invocations    | 3 5 6 |  6.3
Translocations | 1 |  1.6
Throwing       | |  0.5

Action                   |  1- 3 |  4- 6 |  7- 9 | 10-12 || total
-------------------------+-------+-------+-------+-------++-------
Melee: Unarmed           |     6 |       |     2 |     1 ||     9
       Constrict         |     1 |       |     1 |       ||     2
       Tentacles         |     1 |       |     1 |       ||     2
Throw: Dart              |       |       |     2 |       ||     2
 Cast: Foxfire           |    13 |    11 |     7 |     8 ||    39
       Conjure Flame     |       |     1 |     1 |     1 ||     3
       Fireball          |       |       |    21 |    15 ||    36
       Sticky Flame      |       |       |     5 |     5 ||    10
       Mephitic Cloud    |       |       |     3 |     4 ||     7
       Freezing Cloud    |       |       |       |     2 ||     2
       Iskenderun's Myst |       |       |       |     2 ||     2
  Use: Potion            |     4 |       |     1 |     1 ||     6
Armor: Skin              |     2 |       |       |       ||     2
Dodge: Dodged            |     1 |       |     3 |     7 ||    11

Table legend: (Time is in decaauts)
 A = Elapsed time spent in this place.
 B = Non-inter-level travel time spent in this place.
 C = Inter-level travel time spent in this place.
 D = Time resting spent in this place.
 E = Time spent auto-exploring this place.
 F = Levels seen in this place.
 G = Mean time per level.
                   A        B        C        D        E       F      G
               +--------+--------+--------+--------+--------+-----+--------+
         Total |   2135 |   2135 |      0 |   1236 |      0 |   1 | 2135.0 |
       Dungeon |   2135 |   2135 |      0 |   1236 |      0 |   1 | 2135.0 |
               +--------+--------+--------+--------+--------+-----+--------+

Top non-repeatable levels by time:
       D: 2135 daAuts
